 Dungeon Crawl Stone Soup version 0.23.2-1-ga50397a (webtiles) character file.

Game seed: 12646270172737683781

854 funkygono the Conjurer (level 7, -1/51 HPs)
             Began as a Green Draconian Conjurer on June 1, 2019.
             Hit by a tomahawk thrown by an orc warrior (16 damage)
             ... on level 6 of the Dungeon.
             The game lasted 00:12:34 (4781 turns).

funkygono the Conjurer (Green Draconian Conjurer)   Turns: 4781, Time: 00:12:35

Health: -1/51      AC:  8    Str: 10    XL:     7   Next: 70%
Magic:  9/14       EV: 13    Int: 18    God:
Gold:   154        SH:  0    Dex: 16    Spells: 9/15 levels left

rFire    . . .     SeeInvis .   h - +1 club
rCold    . . .     Gourm    .   (no shield)
rNeg     . . .     Faith    .   (armour unavailable)
rPois    +         Spirit   .   (helmet restricted)
rElec    .         Reflect  .   (no cloak)
rCorr    .         Harm     .   x - +0 pair of gloves (curse)
MR       .....                  k - +0 pair of boots
Stlth    +++.......             (no amulet)
HPRegen  0.17/turn              f - ring of stealth
MPRegen  0.14/turn              t - +5 ring of dexterity

@: no status effects
A: breathe noxious fumes, unfitting armour, poison resistance, cold-blooded, AC
+6
a: Breathe Noxious Fumes


You were on level 6 of the Dungeon.
You were not hungry.

You visited 1 branch of the dungeon, and saw 6 of its levels.
You also visited: Ossuary.

You collected 154 gold pieces.

Inventory:

Hand Weapons
 h - a +1 club (weapon)
Missiles
 j - 51 stones (quivered)
Armour
 c - a +1 pair of gloves
 k - a +0 pair of boots (worn)
 x - a cursed +0 pair of gloves (worn)
Jewellery
 f - a ring of stealth (left hand)
 t - a +5 ring of dexterity (right hand)
 y - an uncursed amulet of guardian spirit {unknown}
Scrolls
 a - a scroll of blinking
 e - 4 scrolls of random uselessness {unknown}
 i - 3 scrolls of teleportation
 l - a scroll of enchant weapon
 o - 2 scrolls of fear
 p - 2 scrolls of immolation {unknown}
 q - a scroll of remove curse
 w - a scroll of identify
Potions
 d - a potion of heal wounds
 g - a potion of agility
 m - 8 potions of curing
 n - a potion of magic
 r - 2 potions of haste
 s - 2 potions of mutation
 u - a potion of flight {unknown}
 v - a potion of lignification {unknown}
Comestibles
 b - 5 rations
 z - 5 chunks of flesh


   Skills:
 + Level 0.8 Fighting
 + Level 0.8 Maces & Flails
 + Level 2.8 Dodging
 + Level 2.6 Stealth
 * Level 4.8 Spellcasting
 * Level 7.1 Conjurations
 * Level 1.3 Hexes


You had 9 spell levels left.
You knew the following spells:

 Your Spells              Type           Power        Failure   Level  Hunger
a - Magic Dart            Conj           ####         1%          1    None
b - Searing Ray           Conj           ####..       1%          2    #......
c - Dazzling Spray        Conj/Hex       ###...       7%          3    ###....

Your spell library contained the following spells:

 Spells                   Type           Power        Failure   Level  Hunger
 Iskenderun's Mystic Bla  Conj           ####....     7%          4    ####...
 Fulminant Prism          Conj/Hex       ###.......   24%         4    ####...
 Force Lance              Conj/Tloc      ###.....     30%         4    ####...


Dungeon Overview and Level Annotations

Branches:
Dungeon (7/15)
 Temple: D:4-7

Altars:
Elyvilon
Kikubaaqudgha
Trog
Wu Jian

Shops:
D:4 **


Innate Abilities, Weirdness & Mutations

You can breathe blasts of noxious fumes.
Your lurid green scales are hard. (AC +6)
You cannot fit into any form of body armour.
Your system is resistant to poisons. (rPois)
You are cold-blooded and may be slowed by cold attacks.


Message History

Casting: Magic Dart (safe; 1% risk of failure)
Confirm with . or Enter, or press ? or * to list all spells.
You can't see any susceptible monsters within range! (Use Z to cast anyway.) Unknown command.
An orc comes into view.
The orc warrior shouts!
You hear a bark!
The orc warrior throws a tomahawk.
The tomahawk barely misses you.
The orc warrior throws a tomahawk.
The tomahawk barely misses you.
Casting: Magic Dart (safe; 1% risk of failure)
Confirm with . or Enter, or press ? or * to list all spells.
Aiming: Dazzling Spray (safe; 7% risk of failure)
Press: ? - help, Shift-Dir - straight line, f - orc
Aim: an orc, wearing a +0 scale mail (hasn't noticed you)
Okay, then.
The orc warrior throws a tomahawk.
The tomahawk hits you!
You see here a tomahawk.
The orc warrior throws a tomahawk.
The tomahawk hits you!!
* * * LOW HITPOINT WARNING * * *
The orc warrior throws a tomahawk.
The tomahawk hits you!
You die...

... #...#################
...#####...#.......).......##
..........................>..
.............#############.##
........###........# #.#
........# #........# #.#
........# #.......... #.#
........###.......... #.#
.........##.@........ #.#
.........##(#####.... #.#
#........##.### .... #.#
#.......)#.)..# ... #.#
###.###.......# #.# #.
#..(.รท..# #.# . #...#o###
#.## #...#.# #... .........
####


You could see an orc warrior.

Vanquished Creatures
  Sigmund (D:2)
  A centaur (D:2)
  A bullfrog (D:7)
  A crimson imp (D:6)
  A human zombie (Ossuary)
  A centaur zombie (Ossuary)
  2 orc wizards
  An orc priest (D:3)
  A hound (D:4)
  Jessica (D:2)
  Natasha (D:2)
  3 worker ants
  5 mummies (Ossuary)
  3 gnolls (D:2)
  3 adders
  2 worms (D:3)
  2 dart slugs
  5 leopard geckos
  6 orcs
  9 bats
  2 giant cockroaches
  A gnoll zombie (Ossuary)
  7 goblins
  10 hobgoblins
  2 quokkas
  2 ball pythons
  6 frilled lizards
  2 goblin zombies (Ossuary)
  7 kobolds
  2 kobold zombies (Ossuary)
  An orc zombie (Ossuary)
  10 rats
102 creatures vanquished.

Vanquished Creatures (others)
  An orc (D:4)
  4 toadstools (D:1)
5 creatures vanquished.

Grand Total: 107 creatures vanquished

Notes
Turn   | Place    | Note
-------+----------+-------------------------------------------
     0 | D:1      | funkygono the Draconian Conjurer began the quest for the
                  | Orb.
     0 | D:1      | Reached XP level 1. HP: 14/14 MP: 3/3
   272 | D:1      | Reached XP level 2. HP: 20/20 MP: 0/5
   280 | D:1      | Learned a level 2 spell: Searing Ray
  1288 | D:2      | Reached XP level 3. HP: 13/26 MP: 0/6
  1466 | D:2      | Found an ornate altar of the Wu Jian Council.
  1466 | D:2      | Found an ancient bone altar of Kikubaaqudgha.
  1564 | D:2      | Reached skill level 5 in Conjurations
  1632 | D:2      | Learned a level 3 spell: Dazzling Spray
  1643 | D:2      | Noticed Natasha
  1669 | D:2      | Killed Natasha
  1669 | D:2      | Reached XP level 4. HP: 7/33 MP: 7/7
  1921 | D:2      | Found a bloodstained altar of Trog.
  1934 | D:2      | Noticed Sigmund
  1946 | D:2      | Killed Sigmund
  1946 | D:2      | Reached skill level 6 in Conjurations
  1946 | D:2      | Reached XP level 5. HP: 30/38 MP: 1/9
  2248 | D:2      | Noticed Jessica
  2253 | D:2      | Killed Jessica
  2253 | D:2      | Reached XP level 6. HP: 45/45 MP: 7/10
  3177 | D:3      | Found a white marble altar of Elyvilon.
  3639 | D:4      | Your scales start taking on a lurid green colour.
  3639 | D:4      | Reached XP level 7. HP: 50/51 MP: 2/13
  3639 | D:4      | Gained mutation: Your system is resistant to poisons.
                  | (rPois) [Green Draconian growth]
  3647 | D:4      | Found a sand-covered staircase.
  3657 | Ossuary  | Entered an ossuary
  4101 | D:4      | Found Derycemn's Assorted Antiques.
  4133 | D:4      | Found Nynub's General Store.
  4221 | D:4      | Reached skill level 1 in Hexes
  4228 | D:4      | Reached skill level 7 in Conjurations
  4454 | D:4      | You fall through a shaft for 3 floors!
  4781 | D:6      | Hit by a tomahawk thrown by an orc warrior

Skill      XL: |  1  2  3  4  5  6  7 |
---------------+----------------------+-----
Stealth        | 2 |  2.6
Conjurations   | 5 6 7 |  7.1
Dodging        | 2 |  2.8
Spellcasting   | 3 4 |  4.8
Hexes          | 1 |  1.3
Fighting       | |  0.8
Maces & Flails | |  0.8

Action                   |  1- 3 |  4- 6 |  7- 9 || total
-------------------------+-------+-------+-------++-------
Melee: Unarmed           |     7 |       |       ||     7
       Club              |    15 |    12 |    50 ||    77
       Tailslap          |     2 |     3 |     5 ||    10
 Cast: Magic Dart        |    53 |    88 |    85 ||   226
       Searing Ray       |     2 |     7 |     3 ||    12
       Dazzling Spray    |       |       |     2 ||     2
 Abil: Breathe Noxious F |       |       |     1 ||     1
  Use: Scroll            |     5 |     8 |     2 ||    15
       Potion            |     1 |       |       ||     1
  Eat: Chunk             |     3 |     6 |     1 ||    10
       Ration            |       |       |     1 ||     1
Armor: Skin              |     4 |     9 |    24 ||    37
Dodge: Dodged            |    23 |    23 |    44 ||    90
